[Event "Early-Titled-Tuesday-Blitz-May-28-2024"]
[Site "Chess.com"]
[Date "2024.05.28"]
[Round "9"]
[White "jamesaltucher"]
[Black "luca_va99"]
[Result "1/2-1/2"]
[WhiteElo "2058"]
[BlackElo "2197"]
[TimeControl "180+1"]
[EndTime "9:47:41 PDT"]
[Termination "Game drawn - insufficient material"]

1. e4 d5 2. exd5 Qxd5 3. Nf3 Bg4 4. Be2 Nc6 5. h3 Bxf3 6. Bxf3 Qe6+ 7. Qe2 Nd4 8. Qxe6 Nxf3+ 9. gxf3 fxe6 10. Nc3 Nf6 11.
d3 c6 12. Be3 Nd5 13. Ne4 h6 14. O-O-O Kf7 15. c4 Nxe3 16. fxe3 b6 17. h4 g6 18. f4 Bg7 19. h5 Bf6 20. hxg6+ Kxg6 21. Rdg1+ Kf7 22. Rh5 Rag8 23. Rgh1 Rg6 24. d4 Rh7 25. R1h2 Rh8 26. Kc2 Kg7 27. b4 Rd8 28. Kb3 a6 29. a4 Re8 30. a5 bxa5 31. Rxa5 Ra8 32. Rha2 h5 33. Rxa6 Rxa6 34. Rxa6 h4 35. Ra1 Rg2 36.
Kc3 h3 37. Rh1 h2 38. b5 cxb5 39. cxb5 Re2 40. b6 Rxe3+ 41. Kc2 Bxd4 42. b7 Ba7 43.
Nc5 Re2+ 44. Kd3 Rb2 45. Nxe6+ Kf6 46. Nd8 Bg1 47. Kc3 Rb1 48. Kc4 Kf5 49. Kd5 Kxf4 50. Kc6 e5 51. Kc7 Rxb7+ 52. Nxb7 e4 53. Nc5 e3 54. Nd3+ Kf3 55. Kc6 e2 56. Kd5 Ke3 57. Ne1 Kf2 58. Nd3+ Kg2 59. Nf4+ Kf3 60. Nxe2 Kxe2 61.
Rxh2+ Bxh2 1/2-1/2

[Event "Early-Titled-Tuesday-Blitz-May-28-2024"]
[Site "Chess.com"]
[Date "2024.05.28"]
[Round "9"]
[White "MatthewG-p4p"]
[Black "rhungaski"]
[Result "0-1"]
[WhiteElo "2848"]
[BlackElo "2598"]
[TimeControl "180+1"]
[EndTime "9:47:42 PDT"]
[Termination "rhungaski won by resignation"]

1. f4 g6 2. Nf3 Bg7 3. g3 d5 4.
Bg2 Nf6 5. O-O O-O 6. d3 b6 7. a4 a5 8. Ne5 Bb7 9. Nc3 Nbd7 10. Nxd7 Qxd7 11. e4 dxe4 12. dxe4 Qc6 13. Qe2 e5 14. f5 Rad8 15. h3 Rd4 16. g4 Rc4 17. Re1 Re8 18. Bd2 gxf5 19. gxf5 Kh8 20. Kh2 Rg8 21. Rg1 Bf8 22. Bf3 Bc5 23. Rxg8+ Nxg8 24. Kh1 Bd4 25. Qg2 Qf6 26. Bg5 Qg7 27. Rd1 f6 28.
Bd2 Qxg2+ 29. Kxg2 Ne7 30. Ne2 Rxc2 31. Nxd4 exd4 32.
Kg3 Rxb2 33. Bf4 Rb3 34. Kg4 c5 35. Rf1 Nc6 36. e5 Rxf3 37. Kxf3 Nxe5+ 38. Kg3 Kg8 39. Rb1 Nc4 40. Re1 Kf7 41. Kf2 d3 42. Rg1 Be4 43.
Bh6 Bxf5 44. Rg7+ Ke6 45. Rg8 Bxh3 46. Rd8 Bf5 47. Ke1 Nb2 48. Kd2 Nxa4 49. Re8+ Kd5 50.
Rb8 c4 51. Rd8+ Ke6 52. Re8+ Kf7 53. Rf8+ Ke7 54. Bf4 c3+ 55. Ke3 Kxf8 0-1

[Event "Early-Titled-Tuesday-Blitz-May-28-2024"]
[Site "Chess.com"]
[Date "2024.05.28"]
[Round "9"]
[White "rookpower2004"]
[Black "alreadybroken23"]
[Result "0-1"]
[WhiteElo "2485"]
[BlackElo "2608"]
[TimeControl "180+1"]
[EndTime "9:47:42 PDT"]
[Termination "alreadybroken23 won on time"]

1. e4 c5 2. Nf3 d6 3. d4 cxd4 4. Nxd4 Nf6 5. Nc3 e5 6. Nb3 Be7 7. Bg5 O-O 8. Qd2 Be6 9. O-O-O Nbd7 10. Kb1 a5 11. f4 a4 12. Nc1 exf4 13. Bxf4 Ne5 14.
a3 Nh5 15. Bxe5 dxe5 16. Bb5 Qb6 17. Qe2 Nf4 18. Qf3 Rfc8 19. g3 Ng6 20. Qe2 Bxa3 21. Nd5 Bxd5 22. Rxd5 Bf8 23. Rf1 Rc7 24. Bc4 Qc6 25. Ba2 Rac8 26. Rd3 a3 27. bxa3 Qb5+ 28. Bb3 Qa5 29. Rdf3 Kh8 30. a4 f6 31. Qb5 Qa7 32. R3f2 Rc5 33. Qd3 Qb6 34. Rd2 Rc3 35. Qd7 R3c7 36.
Qd3 Bb4 37. Re2 Bc3 38. Na2 Bd4 39. Rd1 Qc5 40. c3 Ne7 41. cxd4 Qb6 42. Rb2 Rd7 43.
Bd5 Qd6 0-1

[Event "Early-Titled-Tuesday-Blitz-May-28-2024"]
[Site "Chess.com"]
[Date "2024.05.28"]
[Round "9"]
[White "ImportedItalianMaple"]
[Black "BarloNadera"]
[Result "1-0"]
[WhiteElo "2534"]
[BlackElo "2101"]
[TimeControl "180+1"]
[EndTime "9:47:42 PDT"]
[Termination "ImportedItalianMaple won on time"]

1. e4 c6 2. d4 d5 3. e5 Bf5 4.
Nd2 e6 5. Nb3 Nd7 6. Nf3 h6 7. Be2 a6 8. O-O c5 9. a4 Rc8 10. a5 c4 11. Nbd2 Ne7 12. c3 Nc6 13. b4 cxb3 14. Nxb3 Be7 15. Ne1 O-O 16. Bd3 Bxd3 17.
Nxd3 Na7 18. Bd2 Nb5 19. Qe1 Qc7 20. f4 Qc4 21. Ndc1 Nxc3 22. Rf3 Ne4 23. f5 exf5 24.
Rxf5 Rc6 25. Rf3 Rg6 26. g3 Rc8 27. Ne2 Rgc6 28. Nf4 Bg5 29. h4 Be7 30. Rc1 Qb5 31. Nc5 Ndxc5 32. Nxd5 Bf8 33. dxc5 Rxc5 34. Rxc5 Qxc5+ 35. Ne3 Nxd2 36. Qxd2 Qxe5 37. Kg2 Qe4 38. Qd5 Rc2+ 39.
Kh3 Qxd5 40. Nxd5 Rc5 41. Nf4 Rxa5 42. Rd3 Rf5 43. Rd8 b5 44. Nd5 Rxd5 45. Rxd5 b4 46. Rd8 a5 47. Ra8 b3 48. Rxa5 b2 49. Rb5 1-0

[Event "Early-Titled-Tuesday-Blitz-May-28-2024"]
[Site "Chess.com"]
[Date "2024.05.28"]
[Round "9"]
[White "DeyanKostov"]
[Black "gpsji27"]
[Result "1-0"]
[WhiteElo "2451"]
[BlackElo "2307"]
[TimeControl "180+1"]
[EndTime "9:47:42 PDT"]
[Termination "DeyanKostov won by resignation"]

1. d4 d5 2. c4 e6 3. Nc3 Nf6 4. cxd5 exd5 5. Bg5 Be7 6. e3 c6 7. Bd3 O-O 8. Qc2 Nbd7 9. Nf3 Re8 10. Bf4 Nf8 11. O-O-O b5 12. Kb1 a5 13. Rc1 b4 14.
Na4 Bd7 15. Ne5 Ng6 16. Nxg6 hxg6 17. Nc5 Bxc5 18. Qxc5 Ne4 19. Bxe4 Rxe4 20. h4 Qf6 21. f3 Ree8 22. g4 Qe7 23. Qxe7 Rxe7 24. h5 gxh5 25.
Rxh5 f6 26. Rch1 Rae8 27. Kc1 Kf7 28. Kd2 a4 29. g5 f5 30. Be5 Kg6 31. f4 Bc8 32. Rh7 Ba6 33. Rh8 Rxh8 34. Rxh8 Bc4 35. Rb8 b3 36. axb3 axb3 37. Kc3 Ra7 38. Rc8 Ra6 39.
Rc7 Kh5 40. Rxg7 Ra1 41. Rh7+ Kg4 42. g6 Rc1+ 43. Kb4 Kf3 44. g7 Rg1 45. Rh6 Kxe3 46.
Rh5 Ke4 47. Rg5 1-0

[Event "Early-Titled-Tuesday-Blitz-May-28-2024"]
[Site "Chess.com"]
[Date "2024.05.28"]
[Round "9"]
[White "FairChess_on_YouTube"]
[Black "FGHSMN"]
[Result "1/2-1/2"]
[WhiteElo "3091"]
[BlackElo "2924"]
[TimeControl "180+1"]
[EndTime "9:47:43 PDT"]
[Termination "Game drawn by repetition"]

1. c4 Nf6 2. Nc3 c5 3. g3 d5 4. cxd5 Nxd5 5. Bg2 Nxc3 6. bxc3 Nc6 7. Rb1 Qc7 8. Nf3 e5 9. d3 Be7 10. O-O O-O 11.
Qa4 Bd7 12. Nd2 Rab8 13. c4 b6 14. Ne4 Nd4 15. Qd1 Bg4 16. Nc3 Qd7 17. Be3 h5 18. Bxd4 exd4 19. Nd5 Bd6 20. Bf3 Bh3 21. Re1 h4 22.
Qd2 Rbe8 23. Qg5 Be7 24. Qh5 Bd8 25. Nf4 Bf5 26. Bc6 Qxc6 27. Qxf5 Bc7 28. Nd5 Bb8 29. Qg4 hxg3 30. hxg3 Qe6 31. Qh5 Qe5 32. Qh3 Re6 33. Kg2 Rh6 34. Qg4 Re8 35. Qf3 Bd6 36. Rh1 Ree6 37. Rxh6 Rxh6 38. Rh1 Rxh1 39. Kxh1 g6 40. Kg2 Kg7 41. Qg4 b5 42. Qd7 bxc4 43. dxc4 Qe4+ 44. Kg1 Be5 45. Qe7 Qxe2 46. f4 Qd1+ 47. Kg2 Qe2+ 48.
Kg1 Qd1+ 49. Kg2 Qe2+ 50. Kh3 Qf1+ 51. Kh2 Qf2+ 52. Kh3 Qf1+ 53. Kh2 Qe2+ 54. Kh3 Qh5+ 55. Kg2 Qe2+ 1/2-1/2

[Event "Early-Titled-Tuesday-Blitz-May-28-2024"]
[Site "Chess.com"]
[Date "2024.05.28"]
[Round "9"]
[White "Dewarfd"]
[Black "guineo59"]
[Result "0-1"]
[WhiteElo "2139"]
[BlackElo "2342"]
[TimeControl "180+1"]
[EndTime "9:47:43 PDT"]
[Termination "guineo59 won on time"]

1. d4 Nf6 2. e3 d5 3. Nf3 Bf5 4. Bd3 Bxd3 5. Qxd3 e6 6. O-O Nbd7 7. c4 c6 8. b3 Bd6 9. h3 O-O 10. Ba3 Bxa3 11. Nxa3 Qe7 12. Nb1 e5 13. dxe5 Nxe5 14. Nxe5 Qxe5 15. Nd2 Rad8 16. Nf3 Qe7 17. cxd5 Rxd5 18.
Qc4 Rfd8 19. Qa4 a6 20. Qc4 h6 21. Rac1 Ne4 22. Qc2 Nd2 23. Nxd2 Rxd2 24. Qb1 Qd6 25. a4 a5 26. Rc4 Qf6 27. b4 Rb2 28. Qe4 Rdd2 29. Rd4 Rxd4 30. exd4 Rxb4 31. Rd1 g6 32.
Qe3 Kg7 33. d5 cxd5 34. Rxd5 Rxa4 35. Rb5 Ra1+ 36. Kh2 Qd6+ 37. g3 a4 38. Qc3+ Qf6 39. Qxf6+ Kxf6 40. Rxb7 a3 41. Ra7 Ke6 42. Kg2 h5 43.
Ra6+ Ke5 44. Ra5+ Kd4 45. Ra4+ Kc3 46. Ra7 a2 47. Rc7+ Kb2 48. Rb7+ Kc3 49. Rc7+ Kd4 50. Rd7+ Ke5 51. Re7+ Kf6 52. Ra7 h4 0-1

[Event "Early-Titled-Tuesday-Blitz-May-28-2024"]
[Site "Chess.com"]
[Date "2024.05.28"]
[Round "9"]
[White "JoliyRoger"]
[Black "Alexchess1984"]
[Result "1-0"]
[WhiteElo "2460"]
[BlackElo "2588"]
[TimeControl "180+1"]
[EndTime "9:47:44 PDT"]
[Termination "JoliyRoger won by checkmate"]

1. d4 e6 2. c4 c5 3. d5 exd5 4. cxd5 d6 5. Nc3 g6 6. e4 Bg7 7.
Nf3 a6 8. a4 Bg4 9. Be2 Bxf3 10.
Bxf3 Nd7 11. O-O Ngf6 12. Bf4 Qe7 13. Qb3 Rb8 14. Rfe1 Ne5 15. Be2 O-O 16. h3 h5 17.
Bg5 Qc7 18. f4 Ned7 19. Bc4 Rfe8 20. e5 Nh7 21. e6 Nxg5 22. fxg5 Ne5 23. Ne4 Nxc4 24.
Qxc4 Bxb2 25. Nf6+ Kg7 26. Nxe8+ Rxe8 27. exf7 Qxf7 28. Rxe8 Qxe8 29. Rb1 b5 30. axb5 axb5 31. Qd3 Bd4+ 32. Kh1 b4 33. Rf1 Qe3 34. Qa6 Qxg5 35. Qxd6 Kh7 36. Qc7+ Kh6 37. d6 Be5 38. Qe7 Qg3 39.
Qf8+ Bg7 40. d7 Qh2+ 41. Kxh2 Bxf8 42. Kh1 g5 43. Rxf8 g4 44. d8=Q gxh3 45. Qf6+ Kh7 46. Rh8# 1-0

[Event "Early-Titled-Tuesday-Blitz-May-28-2024"]
[Site "Chess.com"]
[Date "2024.05.28"]
[Round "9"]
[White "vi_pranav"]
[Black "eagleclaw07"]
[Result "1-0"]
[WhiteElo "3056"]
[BlackElo "2858"]
[TimeControl "180+1"]
[EndTime "9:47:45 PDT"]
[Termination "vi_pranav won by checkmate"]

1. e4 c5 2. Nf3 d6 3. d4 cxd4 4. Nxd4 Nf6 5. Nc3 Nc6 6. Bg5 e6 7. Qd2 a6 8. Nxc6 bxc6 9. O-O-O Be7 10. Bc4 O-O 11. Bb3 d5 12. Qe2 Nxe4 13. Nxe4 Bxg5+ 14. Kb1 Be7 15. c4 Qb6 16. Nc3 Bf6 17. Rd3 a5 18.
Rh3 Ba6 19. Qd3 h6 20. Bc2 Rfb8 21. Na4 Qxf2 22. Rf1 Qd4 23. Qh7+ Kf8 24. Rb3 Ke7 25. Rd1 Qxc4 26. Nb6 Qc5 27. Nxa8 Rxa8 28. a4 Qa7 29. Bd3 Bc8 30. Be2 Rb8 31. Qc2 Rxb3 32. Qxb3 Bd7 33.
Qa3+ Ke8 34. Rc1 Qf2 35. Rc2 Be7 36. Qc3 Qb6 37. Qxg7 Kd8 38. Qxf7 c5 39. Bb5 Bxb5 40. axb5 Qxb5 41. Qxe6 d4 42. Qd5+ Kc7 43. Qxd4 Bd6 44.
Qg7+ Kc6 45. Qxh6 Qf1+ 46. Qc1 Qd3 47. Qd2 Qe4 48. Qe2 Qb4 49. Qc4 Qb8 50. Qe4+ Kb6 51.
Rc3 a4 52. Qxa4 Qf8 53. Rb3+ Kc7 54. Qa7+ Kc6 55. Qb7# 1-0

[Event "Early-Titled-Tuesday-Blitz-May-28-2024"]
[Site "Chess.com"]
[Date "2024.05.28"]
[Round "9"]
[White "lluiss"]
[Black "Pasmendjambvirgulptipon98"]
[Result "0-1"]
[WhiteElo "2171"]
[BlackElo "2356"]
[TimeControl "180+1"]
[EndTime "9:47:46 PDT"]
[Termination "Pasmendjambvirgulptipon98 won on time"]

1. Nf3 g6 2. d4 Bg7 3. g3 d6 4.
Bg2 Nf6 5. O-O Nbd7 6. c4 O-O 7. Nc3 e5 8. h3 c6 9. e4 Qe7 10. Re1 Rd8 11. Be3 exd4 12. Nxd4 Ne5 13. b3 a5 14.
f4 Ned7 15. Bf2 Nc5 16. Qc2 Qc7 17. Rad1 Re8 18. Rd2 Bd7 19. Rde2 Rad8 20. e5 dxe5 21. fxe5 Nh5 22. Nxc6 Bxc6 23. Nd5 Bxd5 24. cxd5 b6 25. d6 Qd7 26. Qc4 Qe6 27. Bd5 Qd7 28. g4 Nf6 29.
exf6 Bxf6 30. Bxc5 bxc5 31. Qxc5 Rxe2 32. Rxe2 Qxd6 33. Qxd6 Rxd6 34. Bc4 Bd4+ 35. Kg2 Kg7 36.
Rd2 f5 37. gxf5 gxf5 38. Kf3 Kf6 39. Rg2 Be5 40. Re2 Rd1 41. Rc2 Rh1 42. h4 Rh3+ 43.
Ke2 Rh2+ 44. Kd3 Rh3+ 45. Ke2 Rxh4 46. Rc1 Rh2+ 47. Kd3 Rxa2 48. Rg1 Rh2 49. Rg8 Rh3+ 50. Kc2 a4 0-1

[Event "Early-Titled-Tuesday-Blitz-May-28-2024"]
[Site "Chess.com"]
[Date "2024.05.28"]
[Round "9"]
[White "UK_23"]
[Black "Barmen_EV"]
[Result "1-0"]
[WhiteElo "2418"]
[BlackElo "2537"]
[TimeControl "180+1"]
[EndTime "9:47:50 PDT"]
[Termination "UK_23 won by checkmate"]

1. e4 e6 2. d4 d5 3. e5 c5 4.
c3 Nc6 5. Nf3 Bd7 6. Bd3 Rc8 7. a3 cxd4 8. cxd4 Qb6 9. Bc2 g5 10.
h3 Nxd4 11. Nxd4 Bc5 12. Nb3 Bxf2+ 13. Ke2 Bg3 14. Be3 Qb5+ 15. Bd3 Qa4 16. Nc3 Qh4 17.
Nb5 Bxe5 18. Nxa7 d4 19. Bf2 Qf4 20. Nxc8 Bxc8 21. Nxd4 Bd7 22. Nf3 Bg7 23. Be3 Qg3 24. Qe1 Qd6 25. Qb4 Qg3 26. Bf2 Qb8 27. Rac1 Nf6 28.
Bb5 Nd5 29. Qc5 Bxb5+ 30. Qxb5+ Ke7 31. Rhd1 h5 32. Bc5+ Kf6 33. Bd4+ Kg6 34. Bxg7 Kxg7 35. Rxd5 exd5 36. Qxd5 f6 37. Qd7+ Kg6 38. Rc7 Re8+ 39. Kf1 Rh8 40. Qg7+ Kf5 41. Nd4+ Ke4 42. Qd7 Rd8 43.
Qe6+ Kd3 44. Qc4+ Ke3 45. Nf3 Rd1+ 46. Ne1 Qd8 47. Qe2+ Kf4 48. Rc4+ Kg3 49. Qf3+ Kh2 50. Rc3 Qd2 51. Qg3+ Kh1 52. Qe3 Rxe1+ 53. Qxe1 Qf4+ 54. Qf2 Qe4 55. Qg1# 1-0

[Event "Early-Titled-Tuesday-Blitz-May-28-2024"]
[Site "Chess.com"]
[Date "2024.05.28"]
[Round "9"]
[White "Fernando_Offermann"]
[Black "nabukatnezarr"]
[Result "0-1"]
[WhiteElo "2488"]
[BlackElo "2668"]
[TimeControl "180+1"]
[EndTime "9:47:51 PDT"]
[Termination "nabukatnezarr won by resignation"]

1. Nf3 Nf6 2. g3 b6 3. Bg2 Bb7 4. O-O g6 5. c4 Bg7 6. d4 O-O 7. d5 e6 8. Nc3 exd5 9. cxd5 Re8 10. Nd4 c5 11. Ndb5 d6 12. Bf4 Bf8 13. a4 Na6 14.
Na3 Nb4 15. Nc4 Nh5 16. Be3 Ba6 17. b3 Bxc4 18. bxc4 Rxe3 19. fxe3 Bg7 20. Rc1 Qg5 21. Rf3 Re8 22. Nb5 Qe7 23. a5 a6 24. Nc3 bxa5 25.
Qd2 f5 26. Ra1 Qe5 27. Ra3 Nf6 28. Bh3 Nd7 29. Nd1 Nb6 30. Qc1 a4 31. Kf2 Qe4 32.
Rf4 Qh1 33. Bg2 Qxh2 34. Rh4 Qxh4 35. gxh4 Bf6 36. Kg3 Bg7 37. h5 Bh6 38. hxg6 hxg6 39. Qc3 Kf7 40. e4 Bg7 41. Qe3 Be5+ 42. Kf2 Bd4 43.
exf5 Bxe3+ 44. Nxe3 Rf8 45. Be4 Kf6 46. Bc2 gxf5 47. Bxa4 f4 48. Ng4+ Kf5 49. Kf3 Kg5 50. Bb3 Nc8 51. Ra1 Ne7 52. Rg1 Nf5 53. Ne5+ Ng3 54. Nd7 Re8 55. e4 Rxe4 56. Rxg3+ fxg3 57. Kxe4 g2 58. Nf8 g1=Q 59. Ne6+ Kf6 60. Nf4 Qb1+ 61. Kf3 Qxb3+ 62. Kg4 Qxc4 0-1

[Event "Early-Titled-Tuesday-Blitz-May-28-2024"]
[Site "Chess.com"]
[Date "2024.05.28"]
[Round "9"]
[White "Tagir45"]
[Black "Smiechu"]
[Result "1-0"]
[WhiteElo "2639"]
[BlackElo "2449"]
[TimeControl "180+1"]
[EndTime "9:47:51 PDT"]
[Termination "Tagir45 won by resignation"]

1. e4 c5 2. Nf3 g6 3. d4 cxd4 4. Qxd4 Nf6 5. e5 Nc6 6. Qa4 Nd5 7.
Qe4 Nb6 8. Bd3 d5 9. exd6 Bf5 10. dxe7 Bxe7 11. Qe2 Bxd3 12. cxd3 O-O 13. O-O Re8 14. Nc3 Nd4 15. Nxd4 Qxd4 16. Be3 Qd7 17. d4 Nd5 18. Nxd5 Qxd5 19. a3 Bg5 20. Qd3 Bf6 21. Rac1 Rad8 22. Rfd1 Rd7 23. h3 Red8 24. Qc4 a6 25. b4 b5 26.
Qxd5 Rxd5 27. Rc6 R8d6 28. Rxd6 Rxd6 29. d5 Bb2 30. Bc5 Rd7 31. d6 Bxa3 32. Ra1 Bb2 33. Rxa6 Be5 34. Rb6 Kg7 35. Kf1 Kf6 36. Rxb5 Ke6 37.
Ke2 Kd5 38. Rb6 f5 39. Kd3 g5 40. g4 fxg4 41. hxg4 h6 42. Kc2 Ke6 43. Kb3 Kd5 44. Ka4 Kc4 45. Ka5 Ra7+ 46. Ra6 Rd7 47. Kb6 Bxd6 48.
Kc6 Bxc5 49. Kxd7 Bxb4 50. Rxh6 Be1 51. Ke6 Bxf2 52. Kf5 Be3 53. Rg6 Bf4 54. Rxg5 Bxg5 55. Kxg5 Kd5 56. Kf6 Kd6 57. g5 Kd7 58. g6 Ke8 59. g7 1-0

[Event "Early-Titled-Tuesday-Blitz-May-28-2024"]
[Site "Chess.com"]
[Date "2024.05.28"]
[Round "9"]
[White "Pomegranate988"]
[Black "ploxoi"]
[Result "1-0"]
[WhiteElo "2669"]
[BlackElo "2404"]
[TimeControl "180+1"]
[EndTime "9:47:54 PDT"]
[Termination "Pomegranate988 won by checkmate"]

1. Nf3 d5 2. g3 c6 3. Bg2 Nf6 4. O-O Bf5 5. d3 h6 6. Nbd2 e6 7. c4 Be7 8. b3 O-O 9. Bb2 Nbd7 10. a3 a5 11. Qc2 Qb6 12. Rab1 Rfc8 13. h3 Bg6 14. g4 Bd6 15. b4 axb4 16. axb4 Bxb4 17. Bc3 c5 18. e4 dxe4 19. dxe4 Qc6 20. Bxf6 gxf6 21.
Rfe1 Ra3 22. Nh4 Qc7 23. Nxg6 fxg6 24. e5 f5 25. gxf5 gxf5 26. Re2 Rc3 27. Qb2 Kh7 28. Nf3 Rg8 29. Kh1 Nb6 30. Rd1 Rxg2 31. Kxg2 Qg7+ 32. Kh2 Rxf3 33. Qc1 Rxh3+ 34. Kxh3 Qg4+ 35.
Kh2 Qxe2 36. Kg2 Qg4+ 37. Kh2 Qh4+ 38. Kg2 Qe4+ 39. f3 Qe2+ 40. Kg3 Qxe5+ 41. f4 Qg7+ 42. Kf3 Qg4+ 43. Ke3 Qg3+ 44. Ke2 Qg2+ 45. Ke3 Qe4+ 46. Kf2 Qxc4 47. Rd7+ Kh8 48. Rd8+ Kh7 49. Rd7+ Kh8 50. Rd8+ Kg7 51. Qg1+ Kf7 52. Qg8+ Ke7 53. Qf8# 1-0

[Event "Early-Titled-Tuesday-Blitz-May-28-2024"]
[Site "Chess.com"]
[Date "2024.05.28"]
[Round "9"]
[White "chrisclaireredfield"]
[Black "David_George21"]
[Result "1-0"]
[WhiteElo "2560"]
[BlackElo "2411"]
[TimeControl "180+1"]
[EndTime "9:47:54 PDT"]
[Termination "chrisclaireredfield won by checkmate"]

1. Nf3 c5 2. c4 Nc6 3. Nc3 e5 4. e3 Nf6 5. d4 cxd4 6. exd4 e4 7.
Ne5 Bb4 8. Be2 d5 9. O-O O-O 10. Bg5 Be7 11. cxd5 Nxd5 12. Bxe7 Nxc3 13. Bxd8 Nxd1 14.
Nxc6 bxc6 15. Be7 Nxb2 16. Bxf8 Kxf8 17. Rab1 Na4 18. Rfc1 Be6 19. Rxc6 Bxa2 20. Ra1 Bb3 21. Bc4 Bxc4 22. Rxc4 Nb6 23. Rc7 a5 24. Rb7 Nc4 25. Ra4 Rc8 26. h4 f5 27. Rb5 g6 28. Rc5 Rxc5 29.
dxc5 Ne5 30. Rxa5 Ke7 31. Ra7+ Ke6 32. Rxh7 Kd5 33. Re7 Nc6 34. Rg7 Ne5 35. Rc7 Nc6 36. Kh2 Kxc5 37. h5 gxh5 38. Kg3 Kd6 39. Rh7 Ke5 40.
Rxh5 Nd4 41. Rh8 f4+ 42. Kg4 e3 43. Re8+ Ne6 44. fxe3 fxe3 45. Kf3 Kf5 46. Kxe3 Ng5 47. Ra8 Kg4 48. Rg8 Kf5 49. Kf2 Ne4+ 50. Kf3 Ng5+ 51. Rxg5+ Kxg5 52. Kg3 Kf5 53. Kh4 Kf6 54. Kh5 Kf5 55.
g3 Kf6 56. g4 Kf7 57. Kh6 Kg8 58. Kg6 Kf8 59. Kh7 Kf7 60. g5 Ke6 61. g6 Kf5 62. g7 Kf4 63. g8=Q Kf3 64. Qg5 Kf2 65. Qg4 Kf1 66. Qb4 Ke2 67. Qc3 Kf2 68. Qd3 Kg2 69. Qe3 Kh2 70. Qf3 Kg1 71. Qe2 Kh1 72. Kg6 Kg1 73. Kg5 Kh1 74. Kg4 Kg1 75. Kg3 Kh1 76.
Qg2# 1-0

[Event "Early-Titled-Tuesday-Blitz-May-28-2024"]
[Site "Chess.com"]
[Date "2024.05.28"]
[Round "9"]
[White "youngKID"]
[Black "Konavets"]
[Result "0-1"]
[WhiteElo "2896"]
[BlackElo "3083"]
[TimeControl "180+1"]
[EndTime "9:47:55 PDT"]
[Termination "Konavets won on time"]

1. e4 e5 2. Nf3 Nc6 3. Nc3 Nf6 4. Bb5 Bd6 5. O-O O-O 6. d3 h6 7. h3 Re8 8. Be3 Bf8 9. Re1 a6 10. Ba4 b5 11. Bb3 Na5 12. Nd5 Bb7 13. Nxf6+ Qxf6 14. Bd5 c6 15. Bb3 Nxb3 16. axb3 c5 17. c4 b4 18. Nh2 Re6 19. Nf1 g6 20. Qd2 Kh7 21. Ng3 d6 22. Rf1 Bg7 23. Ne2 Re7 24.
Rab1 Qe6 25. f4 f5 26. exf5 gxf5 27. Ng3 Rg8 28. Rf2 exf4 29. Bxf4 Bd4 30. Kh2 Bxf2 31.
Qxf2 h5 32. Rg1 h4 33. Nh5 Qg6 34. g4 hxg3+ 35. Nxg3 Rge8 36. Qd2 a5 37. Bg5 Re5 38. Qf4 Kg8 39. Rf1 Re2+ 40. Nxe2 Rxe2+ 41. Kg3 Rg2+ 42. Kh4 Qh7+ 43. Bh6 Rg6 44. Kh5 Bc8 45. Rf3 Qf7 46. Kh4 Qe7+ 47. Bg5 Qg7 48. Rg3 Kh7 0-1

[Event "Early-Titled-Tuesday-Blitz-May-28-2024"]
[Site "Chess.com"]
[Date "2024.05.28"]
[Round "9"]
[White "Quattroporte300"]
[Black "Semetey"]
[Result "0-1"]
[WhiteElo "2400"]
[BlackElo "2537"]
[TimeControl "180+1"]
[EndTime "9:47:55 PDT"]
[Termination "Semetey won on time"]

1. e4 Nc6 2. d4 d5 3. e5 Bf5 4.
Nf3 e6 5. Bd3 Bxd3 6. Qxd3 Nge7 7. Nc3 Nf5 8. Bg5 Be7 9. Bxe7 Qxe7 10. O-O-O O-O-O 11. Kb1 h5 12. h4 Kb8 13. Ne2 Na5 14.
Nd2 c5 15. Qb5 Nc6 16. Nf3 cxd4 17. Nexd4 Nfxd4 18. Nxd4 Rc8 19. f4 Nxd4 20. Rxd4 Rc5 21. Qe2 g6 22. g3 Rhc8 23. c3 Qc7 24. Rhd1 Qb6 25. Rb4 Qc6 26. Rbd4 a5 27. Qf3 b5 28. f5 gxf5 29. Qxh5 Qd7 30. Qe2 Kb7 31. h5 Kb6 32. h6 Rh8 33. Rh1 Rh7 34. g4 fxg4 35. Rxg4 Rc8 36. Rg7 Rch8 37. Rxh7 Rxh7 38. Qd3 Rh8 39.
h7 Qe7 40. Qg3 Qf8 41. a3 f6 42. Qg6 fxe5 43. Qxe6+ Kc5 44. Qxe5 a4 45. Qe3+ Kc6 46.
Qh6+ Qxh6 47. Rxh6+ Kc5 48. Kc2 d4 49. Rh5+ Kc4 50. Rh4 Kc5 51. cxd4+ Kc4 52. Kd2 Kb3 53. d5 Kxb2 54. d6 Kxa3 55. d7 b4 56. d8=Q Rxd8+ 57. Ke3 Rh8 58. Kd4 b3 59. Rh3 Ka2 60. Kc3 b2 61.
Rh2 a3 62. Kb4 Rb8+ 63. Ka4 Ra8+ 64. Kb4 Ka1 65. h8=Q Rxh8 66. Rxh8 b1=Q+ 67. Kxa3 Qb2+ 0-1

[Event "Early-Titled-Tuesday-Blitz-May-28-2024"]
[Site "Chess.com"]
[Date "2024.05.28"]
[Round "9"]
[White "Statham_01"]
[Black "HajiyevKanan"]
[Result "1-0"]
[WhiteElo "2700"]
[BlackElo "2512"]
[TimeControl "180+1"]
[EndTime "9:47:56 PDT"]
[Termination "Statham_01 won by checkmate"]

1. e4 c6 2. d4 d5 3. f3 a6 4. Nc3 b5 5. a3 Nf6 6. e5 Ng8 7. f4 Bf5 8. Nf3 e6 9. Be3 Nd7 10. Ne2 c5 11. c3 Qb6 12. b4 cxb4 13. axb4 Nh6 14. h3 Be4 15. Nd2 Bd3 16. Nc1 Bxf1 17. Nxf1 Nf5 18. Nb3 h5 19. Bf2 Be7 20. Nfd2 Rc8 21.
Nc5 Bxc5 22. bxc5 Qb7 23. O-O Nb8 24. Nb3 Nc6 25. Qe2 g6 26. Ra2 Ra8 27. Rfa1 Kd7 28.
Na5 Qc7 29. Qd1 Nxa5 30. Rxa5 Ne7 31. Bh4 Nc6 32. R5a2 a5 33. Qe2 Qb7 34. Bf6 Rhb8 35. Rb2 b4 36. c4 Nxd4 37. Qd3 Nf5 38. g4 hxg4 39. hxg4 Nh6 40. cxd5 Qxd5 41. Qe2 Kc6 42. Rd2 Qxc5+ 43. Kg2 b3 44. Rad1 Rc8 45. Rd6+ Kb7 46. Rd7+ Rc7 47. R7d3 a4 48. Rd4 Ra5 49. Qe4+ Qc6 50.
Rb4+ Ka6 51. Rd6 Qxd6 52. exd6 Rd7 53. Qc4+ Ka7 54. Bd4+ Ka8 55. Qc6+ Rb7 56. Qxb7# 1-0

[Event "Early-Titled-Tuesday-Blitz-May-28-2024"]
[Site "Chess.com"]
[Date "2024.05.28"]
[Round "9"]
[White "KhBegmuratov"]
[Black "igorkovalenko"]
[Result "0-1"]
[WhiteElo "2704"]
[BlackElo "2911"]
[TimeControl "180+1"]
[EndTime "9:47:59 PDT"]
[Termination "igorkovalenko won by resignation"]

1. e4 d5 2. exd5 Qxd5 3. Nc3 Qa5 4. Nf3 Nf6 5. d4 c6 6. Bd2 Bf5 7. Bc4 Nbd7 8. O-O e6 9. Re1 Qc7 10. h3 Be7 11. Bb3 h6 12. Qe2 O-O 13. Rad1 a5 14. a4 Rad8 15. Bc1 Bb4 16. Rf1 Rfe8 17. Na2 Bf8 18. c4 c5 19. Nc3 cxd4 20. Nxd4 Nc5 21. Bc2 Bxc2 22. Qxc2 e5 23. Ndb5 Qc6 24. Be3 Ne6 25.
b3 Bc5 26. Bxc5 Nxc5 27. Nd5 Kf8 28. Nbc7 Nxd5 29. Nxd5 e4 30. Qc3 b6 31. Qe3 Rd6 32.
Rfe1 Rde6 33. Rd4 Kg8 34. Red1 Re5 35. Nf4 Qf6 36. Nd5 Qg6 37. Nf4 Qg5 38. Rd5 Nxb3 39. h4 Qf5 40. Rxe5 Qxe5 41. Nd5 Nc5 42. Nxb6 Nd3 43.
Nd5 f5 44. g3 Kh7 45. Nf4 Nb2 46. Rd5 Qf6 47. Qc5 Nd3 48. Rxf5 Nxc5 49. Rxf6 gxf6 50. Nd5 Rf8 51. Kf1 Nxa4 52. Ke2 Nc5 53. Ke3 a4 54. Kd4 Rc8 55. Nb6 Rc7 56. Nd5 Rc6 57. Nb4 Rc8 58. Nd5 a3 59. Kc3 Ra8 0-1

[Event "Early-Titled-Tuesday-Blitz-May-28-2024"]
[Site "Chess.com"]
[Date "2024.05.28"]
[Round "9"]
[White "jbking07"]
[Black "Arteler"]
[Result "0-1"]
[WhiteElo "2364"]
[BlackElo "2247"]
[TimeControl "180+1"]
[EndTime "9:47:59 PDT"]
[Termination "Arteler won by resignation"]

1. e4 e5 2. Nf3 d6 3. d4 exd4 4.
Nxd4 Nf6 5. Nc3 Be7 6. g3 O-O 7. Bg2 Re8 8. O-O Bf8 9. h3 Nbd7 10. g4 Nc5 11. Re1 a5 12. Bg5 Be7 13. Nb3 Ne6 14. Be3 h6 15. Nd5 Nxd5 16. exd5 Nf8 17. a4 Bf6 18. Nd4 Ng6 19. c3 Bg5 20. Bxg5 hxg5 21. Rxe8+ Qxe8 22. Nb5 Qd8 23. Qd2 Bd7 24. Nd4 Qf6 25.
b3 Re8 26. Re1 Rxe1+ 27. Qxe1 Ne5 28. Qe3 Ng6 29. Bf1 Nf4 30. Kh2 Nxd5 31. Qd2 Qe5+ 32. Kg1 Nf4 33. Bg2 Nxg2 34. Kxg2 c5 35. Nf3 Bc6 36.
Qe3 Qf6 37. Kg3 Bxf3 38. Qxf3 Qxf3+ 39. Kxf3 f6 40. Ke4 Kf7 41. Kd5 Ke7 42. Kc4 Ke6 43.
Kb5 Ke5 44. Kxa5 d5 45. Kb5 d4 46. Kc4 Ke4 47. cxd4 cxd4 48. f3+ Ke3 49. a5 d3 50.
b4 d2 51. Kb5 d1=Q 52. Kb6 Qd5 53. b5 Qd7 54. a6 bxa6 55. bxa6 Kxf3 56. a7 Qxa7+ 57. Kxa7 Kg3 58. Kb6 Kxh3 0-1